 Dungeon Crawl Stone Soup version 0.32-a0-779-g362cfcae2a (webtiles) character file.

Game seed: 17569494690060707084

160730 jasper the Severer (level 17, -1/142 HPs)
             Began as a Demonspawn Berserker on Mar 19, 2024.
             Was a High Priest of Trog.
             Blown up by an orb spider (28 damage)
             ... with a wavering orb of destruction
             ... on level 4 of the Spider Nest.
             The game lasted 00:50:26 (28294 turns).

jasper the Severer (Demonspawn Berserker)          Turns: 28294, Time: 00:50:26

Health: -1/142     AC: 32    Str: 22 (24) XL:     17   Next: 18%
Magic:  2/17       EV: 11    Int:  4 (7)  God:    Trog [*****.]
Gold:   2239       SH:  0    Dex: 13 (15) Spells: 16/16 levels left

rFire   . . .        o - +2 battleaxe (vamp)
rCold   . . .        (shield currently unavailable)
rNeg    . . .        a - +18 Lear's hauberk
rPois   +            (helmet currently unavailable)
rElec   .            (cloak unavailable)
rCorr   .            (gloves currently unavailable)
SInv    .            (boots currently unavailable)
Will    +++..        (no amulet) Stlth
                     p - +4 ring of protection
HPRegen 1.43/turn    x - ring of poison resistance
MPRegen 0.15/turn

%: no passive effects
@: strong-willed, regenerating, studying Polearms
A: rugged brown scales 3, demonic guardian 2, spiny 1, bedeviling, weakness
stinger 3, deformed body
a: Renounce Religion, Berserk, Trog's Hand, Brothers in Arms


You were on level 4 of the Spider Nest.
You worshipped Trog.
Trog was extremely pleased with you.
You visited 4 branches of the dungeon, and saw 26 of its levels.
You visited the Abyss 1 time.
You also visited: Gauntlet and Ice Cave.

You collected 3225 gold pieces.
You spent 986 gold pieces at shops.

Inventory:

Hand Weapons
 l - a +3 executioner's axe
 o - a +2 vampiric battleaxe (weapon)
 G - a +2 antimagic battleaxe
 K - a +3 executioner's axe of protection
Missiles
 k - 13 javelins
 m - a throwing net
 T - 4 silver javelins
Armour
 a - the +18 Lear's hauberk (worn)
   (You took it off a minotaur in a Gauntlet)
 b - a +2 crystal plate armour of cold resistance
 t - a +0 helmet
 v - a +0 pair of gloves
 Z - a +0 pair of boots
Jewellery
 p - a +4 ring of protection (left hand)
 w - a ring of see invisible
 x - a ring of poison resistance (right hand)
 O - a ring of flight
 X - a +4 ring of slaying
Talismans
 f - a granite talisman
Wands
 c - a wand of roots (22)
 q - a wand of paralysis (33)
 B - a wand of flame (91)
 Q - a wand of digging (10)
 S - a wand of polymorph (9)
 V - a wand of mindburst (12)
Scrolls
 d - 3 scrolls of fear
 e - a scroll of summoning
 g - 2 scrolls of torment
 h - 7 scrolls of identify
 s - 2 scrolls of revelation
 z - 6 scrolls of enchant armour
 C - 2 scrolls of blinking
 E - a scroll of vulnerability
 F - 4 scrolls of poison
 J - 5 scrolls of teleportation
 M - 3 scrolls of noise
 N - 3 scrolls of fog
 P - 2 scrolls of enchant weapon
 U - 2 scrolls of immolation
Potions
 i - 6 potions of haste
 j - 10 potions of attraction
 n - 12 potions of curing
 u - 2 potions of cancellation
 A - 5 potions of heal wounds
 D - 5 potions of enlightenment
 H - a potion of invisibility
 I - a potion of resistance
 L - a potion of lignification
 R - 4 potions of ambrosia
 W - 3 potions of mutation
 Y - 7 potions of might
Miscellaneous
 r - a condenser vane (inert)
 y - a box of beasts (inert)


   Skills:
 - Level 12.0 Fighting
 - Level 20.0 Axes
 - Level 10.8 Armour
 - Level 8.5 Dodging
 - Level 5.0 Evocations
 + Level 11.5 Shapeshifting


You had 16 spell levels left.
You didn't know any spells.
Your spell library contained the following spells:

 Spells                   Type           Power      Damage    Failure   Level
 Necrotise                Necr           0%         1d4       95%         1
 Static Discharge         Conj/Air       0%         3-3/arc   99%         2
 Confusing Touch          Hex            0%         N/A       100%        3
 Gell's Gravitas          Tloc           0%         N/A       100%        3
 Teleport Other           Tloc           0%         N/A       100%        3
 Vampiric Draining        Necr           0%         2d6       100%        3
 Airstrike                Air            0%         2d(0-16)  100%        4
 Martyr's Knell           Necr/Summ      0%         N/A       100%        4
 Summon Lightning Spire   Summ/Air       0%         N/A       100%        4
 Curse of Agony           Necr           0%         N/A       100%        5
 Yara's Violent Unravell  Hex/Alch       0%         3d3       100%        5
 Dispersal                Tloc           0%         N/A       100%        6
 Permafrost Eruption      Ice/Erth       0%         2x4d2     100%        6
 Enfeeble                 Hex            0%         N/A       100%        7
 Polar Vortex             Ice            0%         N/A       100%        9


Dungeon Overview and Level Annotations

Branches:
Dungeon (15/15)            Temple (0/1) D:7            Lair (5/5) D:8
 Shoals (0/4) Lair:3       Spider (4/4) Lair:3        Slime (0/5) Lair:5
    Orc (2/2) D:9             Elf (0/3) Orc:2        Vaults (0/5) D:14
 Depths (0/4) D:15          IceCv (visited)         Gauntlet (visited)

Altars:
Dithmenos
Fedhas
Hepliaklqana
Kikubaaqudgha
Makhleb
Qazlal
Sif Muna
Vehumet
Beogh
Jiyva
Lugonu

Shops:
D:2 *[:   D:11 *(   Orc:2 !:[(

Portals:
Abyss: Lair:5

Annotations:
D:5 3 runed translucent doors, Blomdor's ghost, novice CoFi
Lair:2 exclusion: 4 oklob plants
Spider:4 2 transporters, Boorch's ghost, adept HuFE; retardedninja's ghost, adept CoFi


Innate Abilities, Weirdness & Mutations

You are completely covered in rugged brown scales. (AC +3, +7% HP)
A demonic guardian rushes to your aid.
You are partially covered in sharp spines.
Your hexes are more powerful.
You have a sharp stinger which inflicts weakening toxins.
Armour fits poorly on your strangely shaped body.


Message History

Aim: an orb spider (fully charged) Attack!
The orb spider begins to weave its threads into a brightly glowing ball.
You regained 2 hp, and now have 53/142 hp.
Your juvenile stingshock beast bursts into living lightning!
The living lightning hits the orb spider!
Your juvenile stingshock beast blinks!
The orb spider weaves a glowing orb of energy. x2
A redback comes into view. 2 orbs of destruction come into view.
You see here a wolf spider corpse.
You regained 2 hp, and now have 57/142 hp.
You barely miss the orb spider.
The orb spider is moderately wounded.
The orb spider pulsates with a strange energy.
You closely miss the orb spider.
Your tail-slap misses the orb spider.
The orb spider is moderately wounded.
The orb of destruction hits you!!!
* * * LOW HITPOINT WARNING * * *
A demonic guardian appears!
The orb spider begins to weave its threads into a brightly glowing ball.
Your juvenile stingshock beast stings the orb spider from afar!
You take 36 damage, and have 23/142 hp.
MASSIVE DAMAGE!!
You barely miss the orb spider.
The orb spider is heavily wounded.
You hit the redback.
The redback is lightly wounded.
Your juvenile stingshock beast hits the orb spider!
Your juvenile stingshock beast stings the orb spider.
The redback splashes around in the water.
The orb spider weaves a glowing orb of energy.
An orb of destruction comes into view.
You swap places.
The orb spider weaves a glowing orb of energy.
Your juvenile stingshock beast hits the orb spider!
The orb spider dies!
Trog accepts your kill.
The redback bites you but does no damage.
The wavering orb of destruction hits you!!
You die...

....##
#.!≈≈^.#^~#
#..^##..
....##
#.≈.≈..#.†#
##.###..#
.....#
#.≈s≈!##††#
#..##..##
.....#
#○○°*[#.~~#
#^##..##ß
.....#
#.≈≈○^††##
#.#..##.~
.....##
#!.°~°.^#
#...##s.~
......#
#~.[°°~##
#^..#W#~.
.....##
#~.!°†.#
#...#w#..
.....#
##~#3@.#
#...#y#..
...^###
#.#○s##
#...##..B
†.....# #
#.##
#....##.y
.....## .H#
##....##ß
.....##
...#
##....##
......##
.~.##
##....#
.......#
...~ ##.^..
.#.....#
##### ##...
^#.^...#
##..


You could see an orb spider, a redback, a friendly juvenile stingshock beast
(summoned) and a friendly smoke demon (summoned).

Vanquished Creatures
  Arachne (Spider:3)
  Agnes (Spider:1)
  Gastronok (Lair:1)
  Roxanne (Spider:1)
  4 ghost moths
  4 emperor scorpions
  A reaper (IceCv)
  A broodmother (Spider:2)
  4 spark wasps
  An entropy weaver (Spider:4)
  6 hydras
  An anaconda (Lair:5)
  A radroach (Spider:4)
  5 centaur warriors
  A jorogumo (Spider:4)
  9 boulder beetles
  The ghost of sychorax the Digger, a journeyman OpEE of Ashenzari (D:10)
  A catoblepas (Lair:5)
  2 two-headed ogres
  2 dancing weapons (D:14)
  3 death yaks (Gauntlet)
  2 tengu warriors
  A demonic crawler (Spider:4)
  4 orc high priests (Orc:2)
  3 thrashing horrors (Lair:5)
  Nergalle (D:12)
  A skeletal warrior (D:15)
  4 pharaoh ants
  9 orb spiders
  4 orc knights
  A lindwurm (Lair:3)
  A necromancer (Gauntlet)
  2 obsidian bats (Orc:1)
  5 steelbarb worms
  2 deep elf pyromancers
  10 ugly things
  2 large abominations (Lair:5)
  22 wolf spiders
  2 orc sorcerers (Orc:2)
  A cyclops (D:14)
  4 meliai
  24 elephants
  A manticore (Lair:1)
  4 centaur zombies (D:7)
  A meliai (shapeshifter) (D:13)
  2 kobold blastminers (Orc:1)
  An ice statue (IceCv)
  A guardian serpent (shapeshifter) (D:15)
  2 moths of wrath
  3 black mambas
  A rust devil (Gauntlet)
  11 cane toads
  A gargoyle (D:14)
  5 torpor snails
  3 smoke demons
  A centaur skeleton (D:7)
  2 rime drakes
  2 kobold demonologists
  An anaconda simulacrum (IceCv)
  3 efreet
  9 komodo dragons
  An ice devil (IceCv)
  A yaktaur (D:15)
  A hellwing (D:7)
  A hornet (D:9)
  2 tengu conjurers (Gauntlet)
  6 trolls
  22 tarantellas
  Grinder (D:3)
  A meliai zombie (D:7)
  A wind drake (Lair:3)
  4 tyrant leeches (Spider:3)
  3 polar bears
  26 blink frogs
  28 jumping spiders
  Sigmund (D:2)
  15 culicivoras
  A shadow (D:12)
  3 slime creatures (D:12)
  2 spriggans (Lair:5)
  A dire elephant simulacrum (IceCv)
  11 small abominations (Lair:5)
  3 ynoxinuls
  3 wyverns
  44 yaks
  A vampire (D:11)
  5 wraiths
  A water elemental (D:15)
  4 basilisks (Lair:5)
  A fire bat (Abyss:2)
  A neqoxec (Abyss:2)
  A fire elemental (D:12)
  48 redbacks
  Eustachio (D:5)
  8 wargs
  Edmund (D:5)
  A steam dragon (D:8)
  4 vampire mosquitoes (D:10)
  A chaos spawn (Lair:5)
  3 death yak simulacra (IceCv)
  2 harpy simulacra (IceCv)
  An acid dragon (D:13)
  A hydra simulacrum (IceCv)
  19 water moccasins
  2 ice beasts (D:7)
  4 black bears
  6 laughing skulls
  8 boggarts
  A crocodile (shapeshifter) (Lair:5)
  21 orc warriors
  4 ogres
  15 wolves
  19 centaurs
  A phantom (D:5)
  10 bullfrogs
  13 kobold brigands
  Blork the orc (D:4)
  A gnoll sergeant (D:8)
  A scorpion (D:5)
  5 two-headed ogre simulacra (IceCv)
  3 cane toad simulacra (IceCv)
  9 wights
  8 howler monkeys
  3 electric eels
  2 jellies
  Crazy Yiuf (D:2)
  3 bombardier beetles (D:3)
  4 gnoll boudas
  4 hounds
  17 orc priests
  3 iguanas
  4 iron imps (Gauntlet)
  13 orc wizards
  2 polar bear simulacra (IceCv)
  5 troll simulacra (IceCv)
  7 hell rats (Lair:4)
  3 spriggan simulacra (IceCv)
  2 wolf simulacra (IceCv)
  Terence (D:3)
  Robin (D:3)
  31 gnolls
  5 naga simulacra (IceCv)
  5 adders
  4 shadow imps
  22 white imps
  16 ufetubi
  2 dart slugs (D:1)
  83 orcs
  5 endoplasms
  5 giant cockroaches
  14 goblins
  9 hobgoblins
  8 jackals
  8 ball pythons
  3 bats (D:1)
  4 frilled lizards (D:1)
  19 kobolds
  7 rats
953 creatures vanquished.

Vanquished Creatures (collateral kills)
  2 emperor scorpions (Spider:4)
  Louise (D:15)
  A stone giant (D:15)
  A minotaur (Gauntlet)
  An entropy weaver (Spider:3)
  A catoblepas (D:15)
  A boulder beetle (Spider:4)
  2 orc high priests (Orc:2)
  3 orb spiders
  3 orc knights (Orc:2)
  A smoke demon (Lair:5)
  A torpor snail (Spider:3)
  A komodo dragon (Lair:4)
  A troll (D:12)
  A raiju (Lair:5)
  A blink frog (Lair:5)
  3 jumping spiders
  2 yaks (Lair:1)
  A small abomination (Lair:5)
  2 redbacks
  An orc warrior (Orc:2)
  A centaur (D:12)
  A bullfrog (Lair:1)
  3 orc priests (Orc:2)
  An orc wizard (Orc:2)
  4 orcs (Orc:2)
41 creatures vanquished.

Vanquished Creatures (others)
  An occultist (D:15)
  A manticore (Lair:3)
  2 water elementals (D:15)
  2 electric eels (D:15)
  A white imp (IceCv)
  2 orcs (D:15)
9 creatures vanquished.

Grand Total: 1003 creatures vanquished

Notes
Turn   | Place    | Note
-------+----------+-------------------------------------------
     0 | D:1      | jasper the Demonspawn Berserker began the quest for the
                  | Orb.
     0 | D:1      | Reached XP level 1. HP: 18/18 MP: 1/1
    49 | D:1      | Reached skill level 3 in Axes
   137 | D:1      | Gained mutation: You are partially covered in rugged brown
                  | scales. (AC +1, +3% HP) [demonic ancestry]
   137 | D:1      | Reached XP level 2. HP: 18/24 MP: 2/2
   239 | D:1      | Found a faded altar of an unknown god.
   532 | D:1      | Reached ** piety under Trog
   628 | D:1      | Gained mutation: You have a small tail. [demonic ancestry]
   628 | D:1      | Reached XP level 3. HP: 29/29 MP: 3/3
   923 | D:2      | Found Ylenufizux's Armour Emporium.
   932 | D:2      | Reached skill level 4 in Axes
   934 | D:2      | Found a burning altar of Makhleb.
   946 | D:2      | Found Cotaun's Assorted Antiques.
   971 | D:2      | Found Gira's Book Shoppe.
  1186 | D:2      | Reached XP level 4. HP: 29/36 MP: 4/4
  1360 | D:2      | Noticed Sigmund
  1376 | D:2      | Killed Sigmund
  1377 | D:2      | Reached skill level 5 in Axes
  1377 | D:2      | Gained mutation: You are mostly covered in rugged brown
                  | scales. (AC +2, +5% HP) [demonic ancestry]
  1377 | D:2      | Reached XP level 5. HP: 43/43 MP: 5/5
  1878 | D:2      | Found a runed translucent door.
  1879 | D:2      | Noticed Crazy Yiuf
  2106 | D:2      | Killed Crazy Yiuf
  2107 | D:2      | Gained mutation: You have a tail ending in a sharp stinger.
                  | [demonic ancestry]
  2107 | D:2      | Reached XP level 6. HP: 50/50 MP: 6/6
  2454 | D:3      | Noticed Robin
  2471 | D:3      | Killed Robin
  2782 | D:3      | Noticed Grinder
  2789 | D:3      | Reached skill level 6 in Axes
  2806 | D:3      | Paralysed by Grinder for 2 turns
  2816 | D:3      | Killed Grinder
  2817 | D:3      | Reached XP level 7. HP: 57/57 MP: 7/7
  2965 | D:3      | Noticed Terence
  2974 | D:3      | Killed Terence
  3936 | D:4      | Reached skill level 7 in Axes
  4062 | D:4      | Noticed Blork the orc
  4078 | D:4      | Killed Blork the orc
  4151 | D:4      | Reached *** piety under Trog
  4436 | D:5      | Entered Level 5 of the Dungeon
  4449 | D:5      | Noticed Blomdor's ghost (novice CoFi)
  4524 | D:5      | Gained mutation: You are partially covered in sharp spines.
                  | [demonic ancestry]
  4524 | D:5      | Reached XP level 8. HP: 49/64 MP: 8/8
  4537 | D:5      | Reached skill level 8 in Axes
  4712 | D:5      | Found a runed translucent gate.
  4743 | D:5      | Noticed Eustachio
  4746 | D:5      | Found a runed translucent gate.
  4746 | D:5      | Found a runed translucent gate.
  4755 | D:5      | Killed Eustachio
  4756 | D:5      | Reached skill level 5 in Fighting
  4811 | D:2      | Bought a runed battleaxe for 218 gold pieces
  4855 | D:5      | Noticed Edmund
  4867 | D:5      | Killed Edmund
  4868 | D:5      | Reached skill level 9 in Axes
  5073 | D:5      | Found a stormy altar of Qazlal.
  5366 | D:6      | Gained mutation: A weak demonic guardian rushes to your
                  | aid. [demonic ancestry]
  5366 | D:6      | Reached XP level 9. HP: 70/71 MP: 9/9
  5403 | D:6      | Reached **** piety under Trog
  5405 | D:6      | Reached skill level 10 in Axes
  5535 | D:6      | Found an ancient bone altar of Kikubaaqudgha.
  5632 | D:6      | Found a radiant altar of Vehumet.
  5841 | D:6      | Found a hazy altar of Hepliaklqana.
  6092 | D:7      | Noticed a hellwing
  6101 | D:7      | Reached skill level 11 in Axes
  6104 | D:7      | Killed a hellwing
  6122 | D:7      | Reached skill level 12 in Axes
  6145 | D:7      | Gained mutation: You are completely covered in rugged brown
                  | scales. (AC +3, +7% HP) [demonic ancestry]
  6145 | D:7      | Reached XP level 10. HP: 34/79 MP: 10/10
  6316 | D:7      | Found a staircase to the Ecumenical Temple.
  6381 | D:7      | Found a blossoming altar of Fedhas.
  7050 | D:8      | You fall into a shaft and drop 3 floors!
  7079 | D:11     | Reached ***** piety under Trog
  7118 | D:11     | Found Durr's General Store.
  7123 | D:11     | Bought 2 potions of curing for 72 gold pieces
  7123 | D:11     | Bought a potion of resistance for 120 gold pieces
  7177 | D:11     | Noticed a boulder beetle
  7200 | D:10     | Entered Level 10 of the Dungeon
  7213 | D:10     | Reached skill level 13 in Axes
  7222 | D:10     | Reached skill level 5 in Armour
  7510 | D:9      | Gained mutation: You have a sharp stinger which inflicts
                  | weakening toxins. [demonic ancestry]
  7510 | D:9      | Reached XP level 11. HP: 69/89 MP: 11/11
  7514 | D:9      | Received a gift from Trog
  7572 | D:9      | Found a staircase to the Orcish Mines.
  7973 | D:8      | Noticed a deep elf pyromancer
  7980 | D:8      | Killed a deep elf pyromancer
  8101 | D:8      | Found a staircase to the Lair.
  8832 | D:10     | Found a runed translucent gate.
  8833 | D:10     | Found a runed translucent gate.
  8833 | D:10     | Found a runed translucent gate.
  8835 | D:10     | Noticed sychorax's ghost (journeyman OpEE)
  9089 | D:10     | Killed sychorax's ghost
  9239 | D:11     | Noticed a two-headed ogre
  9251 | D:11     | Killed a two-headed ogre
  9252 | D:11     | Reached skill level 10 in Fighting
  9408 | D:11     | Found a shadowy altar of Dithmenos.
  9431 | D:11     | Killed a boulder beetle
  9508 | D:11     | Noticed a red ugly thing
  9517 | D:11     | Killed a red ugly thing
  9538 | D:11     | Reached XP level 12. HP: 100/103 MP: 12/12
  9949 | D:11     | Found Urchemea's Antique Weapon Shoppe.
 10017 | Lair:1   | Entered Level 1 of the Lair of Beasts
 10024 | Lair:1   | Reached skill level 10 in Armour
 10258 | Lair:1   | Received a gift from Trog
 10267 | Lair:1   | Reached skill level 5 in Dodging
 10557 | Lair:1   | Noticed Gastronok
 10572 | Lair:1   | Killed Gastronok
 10951 | Lair:1   | Noticed a five-headed hydra
 10964 | Lair:1   | Killed a one-headed hydra
 10970 | Lair:1   | Reached skill level 14 in Axes
 11288 | Lair:2   | Reached ****** piety under Trog
 11289 | Lair:2   | Reached XP level 13. HP: 95/110 MP: 13/13
 11722 | Lair:2   | Reached skill level 15 in Axes
 12461 | Lair:3   | Found a gate leading to a gauntlet.
 12471 | Gauntlet | Entered a Gauntlet
 12471 | Gauntlet | Found a transporter.
 12471 | Gauntlet | Found a transporter.
 12477 | Gauntlet | Found a transporter.
 12489 | Gauntlet | Found a transporter.
 12507 | Gauntlet | Found a transporter.
 12507 | Gauntlet | Found a transporter.
 12507 | Gauntlet | Found a transporter.
 12509 | Gauntlet | Found a transporter.
 12509 | Gauntlet | Found a transporter.
 12530 | Gauntlet | Found a transporter.
 12535 | Gauntlet | Found the ring of the Mage {Wiz Archmagi}
 12536 | Gauntlet | Found a runed translucent gate.
 12537 | Gauntlet | Found a transporter.
 12537 | Gauntlet | Found a runed translucent gate.
 12538 | Gauntlet | Found a runed translucent gate.
 12547 | Gauntlet | Found a transporter.
 12561 | Gauntlet | Found a transporter.
 12581 | Gauntlet | Found a transporter.
 12760 | Gauntlet | Identified the +3 scale mail of Imi Code {Int+3}
 12790 | Gauntlet | Identified the +0 kite shield of Wrong Decisions {Harm
                  | Rampage SInv}
 12790 | Gauntlet | Noticed a minotaur
 12797 | Gauntlet | Killed a minotaur
 12798 | Gauntlet | Reached skill level 16 in Axes
 12904 | Gauntlet | Identified the +0 cloak of the Spider Nest {rElec rN+
                  | Dex+3}
 12908 | Gauntlet | Identified the +0 robe of Cocytus {Int+5}
 12910 | Gauntlet | Got the Parchment of the Evil Eye
 12913 | Gauntlet | Got the Catalogue of the Bloody Deep Freeze
 13013 | Lair:3   | Found a staircase to the Shoals.
 13093 | Lair:3   | Found a hole to the Spider Nest.
 13410 | Lair:3   | Received a gift from Trog
 13938 | Lair:4   | Reached skill level 17 in Axes
 14058 | Lair:4   | Reached XP level 14. HP: 117/117 MP: 14/14
 14635 | Lair:5   | Entered Level 5 of the Lair of Beasts
 14778 | Lair:5   | Found a frozen archway.
 14852 | IceCv    | Entered an ice cave
 15431 | IceCv    | Received a gift from Trog
 15593 | IceCv    | Noticed a reaper
 15596 | IceCv    | Reached skill level 18 in Axes
 15616 | IceCv    | Killed a reaper
 16247 | Lair:5   | Found a staircase to the Slime Pits.
 16248 | Lair:5   | Found a viscous altar of Jiyva.
 16755 | Lair:5   | Received a gift from Trog
 16827 | Abyss:2  | Found a corrupted altar of Lugonu.
 16827 | Abyss:2  | Cast into level 2 of the Abyss (spriggan)
 16862 | Abyss:2  | Found a corrupted altar of Lugonu.
 16976 | Lair:5   | Escaped the Abyss
 16987 | Lair:5   | Identified the +0 leather armour of Filigreed the Leaf
                  | {*Slow +Inv rF- rN+++}
 17070 | Lair:5   | Reached skill level 19 in Axes
 17081 | Lair:5   | HP: 3/112 [smoke demon/divine providence (13)]
 17093 | Lair:5   | HP: 4/114 [small abomination (14)]
 17408 | Lair:5   | Found a corrupted altar of Lugonu.
 17408 | Lair:5   | Found a one-way gate to the infinite horrors of the Abyss.
 17967 | Orc:1    | Entered Level 1 of the Orcish Mines
 17994 | Orc:1    | Found a roughly hewn altar of Beogh.
 18199 | Orc:2    | Entered Level 2 of the Orcish Mines
 18587 | Orc:2    | Received a gift from Trog
 18610 | Orc:2    | Reached XP level 15. HP: 123/123 MP: 15/15
 18637 | Orc:2    | Reached skill level 20 in Axes
 18640 | Orc:2    | Reached skill level 1 in Evocations
 18815 | Orc:2    | Found a staircase to the Elven Halls.
 18876 | Orc:2    | Found a shimmering blue altar of Sif Muna.
 19154 | Orc:2    | Found Gireraf's Weapon Boutique.
 19256 | Orc:2    | Found Gon Fuunwui's Antique Armour Boutique.
 19257 | Orc:2    | Found Buash's Distillery.
 19257 | Orc:2    | Found Topill's Book Shop.
 19265 | Orc:2    | Bought a potion of curing for 48 gold pieces
 19265 | Orc:2    | Bought a potion of haste for 160 gold pieces
 19265 | Orc:2    | Bought a potion of haste for 160 gold pieces
 19265 | Orc:2    | Bought a potion of heal wounds for 80 gold pieces
 19265 | Orc:2    | Bought a potion of cancellation for 128 gold pieces
 19768 | D:12     | Noticed Nergalle
 19780 | D:12     | Killed Nergalle
 19781 | D:12     | Reached skill level 5 in Evocations
 20753 | D:14     | Received a gift from Trog
 20802 | D:14     | Identified the +0 ring mail of Kopusm {^Contam Dex+4}
 20806 | D:14     | Found a gate to the Vaults.
 21701 | D:15     | Entered Level 15 of the Dungeon
 21703 | D:15     | Found a stormy altar of Qazlal.
 21800 | D:15     | Noticed Louise
 21812 | D:15     | Killed Louise
 21819 | D:15     | Found a staircase to the Depths.
 22573 | D:15     | Identified the +0 short sword "Transmigrator" {flame, rElec
                  | rC+ Will+++ Str-2}
 23010 | Spider:1 | Entered Level 1 of the Spider Nest
 23317 | Spider:1 | Noticed Roxanne
 23329 | Spider:1 | Killed Roxanne
 23448 | Spider:1 | Noticed Agnes
 23465 | Spider:1 | Killed Agnes
 23466 | Spider:1 | Reached skill level 1 in Shapeshifting
 23510 | Spider:1 | Gained mutation: A demonic guardian rushes to your aid.
                  | [demonic ancestry]
 23510 | Spider:1 | Reached XP level 16. HP: 101/135 MP: 16/16
 23687 | Spider:1 | Identified the +0 ring mail of the Abyss {rElec Str+3}
 23698 | Spider:1 | Identified the +3 scale mail of Inquiry {rC+ Stlth+}
 24111 | Spider:2 | Reached skill level 5 in Shapeshifting
 24554 | Spider:2 | Received a gift from Trog
 25823 | Spider:3 | Noticed Arachne
 25824 | Spider:3 | Identified the +6 trident of Kitzitathru {heavy, MP+9
                  | Int+3}
 25858 | Spider:3 | Killed Arachne
 26673 | Spider:4 | Entered Level 4 of the Spider Nest
 27172 | Spider:4 | Identified the +3 rapier of the Pill Bug {antimagic, Dex+4}
                  | (Trog gifted it to you on level 4 of the Spider Nest)
 27172 | Spider:4 | Received a gift from Trog
 27241 | Spider:4 | Gained mutation: Armour fits poorly on your strangely
                  | shaped body. [mutagenic glow]
 27380 | Spider:4 | Reached skill level 10 in Shapeshifting
 27401 | Spider:4 | Identified the +3 shortbow of Faphaiz {antimagic, Int+4}
 27606 | Spider:4 | Gained mutation: Your hexes are more powerful. [demonic
                  | ancestry]
 27606 | Spider:4 | Reached XP level 17. HP: 37/142 MP: 17/17
 27893 | Spider:4 | Found a transporter.
 27894 | Spider:4 | Found a transporter.
 27901 | Spider:4 | Noticed Boorch's ghost (adept HuFE)
 27920 | Spider:4 | Noticed retardedninja's ghost (adept CoFi)
 28294 | Spider:4 | Blown up by an orb spider

Illustrated notes

Levels and vault maps discovered:
D:1:      wander_arrival_chamber, layout_loops_ring, basic_ecumenical_altar
D:2:      layout_basic, basic_altar, serial_shops, shop, shop, shop,
          uniq_crazy_yiuf_cottage, uniq_sigmund
D:3:      layout_basic, uniq_terence, uniq_grinder, uniq_robin
D:4:      layout_loops_ring, uniq_blork_the_orc
D:5:      layout_cave_pools, lemuel_coloured_pillars_altar, gammafunk_ghost_icy,
          minmay_statues_item, uniq_edmund, uniq_eustachio
D:6:      layout_basic, grunt_temple_overflow_open, grunt_ministairs_6,
          item_on_display_a
D:7:      cheibrodos_grave_circle, layout_basic,
          mainiacjoe_overflow_cross_hatched, mainiacjoe_overflow_tiny_flanked,
          minmay_temple_entry_mist
D:8:      layout_rooms, lair_entry_dummy, guppyfry_early_elven_hall
D:9:      layout_basic, hiddenorc1_lemuel, chequers_serial_rivers_small_b,
          kennysheep_generic_room_15
D:10:     layout_rooms, gammafunk_ghost_nasty_kobolds,
          chequers_serial_rivers_room_a
D:11:     layout_loops_ring, serial_shops,
          nicolae_shop_competitors_out_of_business,
          nicolae_shop_back_alley_shop, nicolae_dithmenos_the_darkroom
D:12:     layout_big_octagon, uniq_nergalle
D:13:     layout_roguey
D:14:     layout_gridville, erik_vaults_1, minmay_misc_feat_chi
D:15:     grunt_enter_depths_giant_problem, layout_long_grid, serial_bayou,
          serial_bayou_shore_a, serial_bayou_pond_b, serial_bayou_lagoon_b,
          serial_bayou_crossing, grunt_qazlal_clouds, uniq_louise
Lair:1:   layout_cave_pods, pdpol_lair_cavern_descent, grunt_megastairs_4,
          uniq_gastronok
Lair:2:   layout_cave_pods, disabler_island
Lair:3:   layout_hall_layers, minmay_shoals_entry_beasts,
          spider_nest_entry_webs, gauntlet_entry_generic
Lair:4:   layout_loops_ring, beast_lair_carwin_6, grunt_megastairs_5
Lair:5:   hellmonk_lair_end_abyssal_woods, layout_hall_layers, slime_entry_1,
          portal_ice_cave_entry_imps, nicolae_quartered_pool_medium,
          minmay_shattered_shrine
Spider:1: nicolae_spider_mines_3, uniq_roxanne, uniq_agnes
Spider:2: layout_chambers
Spider:3: layout_spider_delve, hangedman_stitches_earthworm, uniq_arachne
Spider:4: grunt_spider_rune_circles, nzn_ghost_randoct, guppyfry_spider_mini_2
Orc:1:    cheibrodos_orc_guarddog, layout_diamond_mine, basic_altar
Orc:2:    st_orc_pillars, layout_caves, library_closet,
          kennysheep_orc_sif_temple

Skill      XL: |  1  2  3  4  5  6  7  8  9 10 11 12 13 14 15 16 17 |
---------------+----------------------------------------------------+-----
Axes           | 3 4 5 6 7 9 12 13 14 17 19 20 | 20.0
Armour         | 2 3 4 6 9 10 | 10.8
Fighting       | 4 5 7 10 12 | 12.0
Dodging        | 7 8 |  8.5
Evocations     | 5 |  5.0
Shapeshifting  | 2 10 11 | 11.5

Action                     |  1- 3 |  4- 6 |  7- 9 | 10-12 | 13-15 | 16-18 || total
---------------------------+-------+-------+-------+-------+-------+-------++-------
  Melee: Hand axe          |   104 |    95 |     6 |     6 |       |       ||   211
         Tailslap          |     1 |     9 |    43 |    83 |   214 |    99 ||   449
         War axe           |       |       |   126 |       |       |       ||   126
         Battleaxe         |       |       |   120 |   419 |  1085 |   530 ||  2154
  Throw: Stone             |       |     4 |       |       |       |       ||     4
 Invoke: Berserk           |       |     4 |     1 |     1 |       |       ||     6
         Trog's Hand       |       |     1 |     2 |     2 |     8 |     3 ||    16
         Brothers in Arms  |       |       |       |       |     5 |     1 ||     6
  Evoke: Wand              |       |       |       |       |     4 |     4 ||     8
         Condenser vane    |       |       |       |       |     1 |     1 ||     2
         Box of beasts     |       |       |       |       |       |     1 ||     1
    Use: Scroll            |     4 |       |    12 |     5 |    10 |     1 ||    32
         Potion            |       |       |       |       |     1 |     2 ||     3
   Stab: Distracted        |       |       |       |       |     3 |     6 ||     9
         Paralysed         |       |       |       |       |       |     2 ||     2
 Armour: Ring mail         |    32 |       |       |       |       |       ||    32
         Animal skin       |     2 |       |       |       |       |       ||     2
         Chain mail        |    26 |       |       |       |  1105 |   862 ||  1993
         Plate armour      |    18 |    71 |   399 |   617 |   149 |       ||  1254
  Dodge: Dodged            |    47 |    19 |   104 |   237 |   616 |   410 ||  1433

Table legend: (Time is in decaauts)
 A = Elapsed time spent in this place.
 B = Non-inter-level travel time spent in this place.
 C = Inter-level travel time spent in this place.
 D = Time resting spent in this place.
 E = Time spent auto-exploring this place.
 F = Levels seen in this place.
 G = Mean time per level.
                   A        B        C        D        E       F      G
               +--------+--------+--------+--------+--------+-----+--------+
         Total |  28092 |  26816 |   1276 |   1312 |  20005 |  29 |  968.7 |
       Dungeon |  13490 |  12617 |    873 |    621 |   9561 |  15 |  899.3 |
          Lair |   5832 |   5605 |    227 |     41 |   4397 |   5 | 1166.4 |
   Spider Nest |   5093 |   5036 |     57 |    231 |   3757 |   4 | 1273.2 |
  Orcish Mines |   1682 |   1564 |    118 |      0 |   1298 |   2 |  841.0 |
         Abyss |    142 |    142 |      0 |      0 |    100 |   1 |  142.0 |
      Ice Cave |   1377 |   1377 |      0 |    318 |    727 |   1 | 1377.0 |
      Gauntlet |    472 |    472 |      0 |    100 |    163 |   1 |  472.0 |
               +--------+--------+--------+--------+--------+-----+--------+

Top non-repeatable levels by time:
  Lair:5: 1593 daAuts
     D:3: 1568 daAuts
Spider:4: 1558 daAuts
Spider:2: 1466 daAuts
     D:2: 1445 daAuts
   IceCv: 1377 daAuts
  Lair:1: 1304 daAuts
  Lair:2: 1136 daAuts
    D:15: 1108 daAuts
     D:7: 1099 daAuts
   Orc:2: 1090 daAuts
Spider:3: 1043 daAuts
     D:9: 1033 daAuts
Spider:1: 1025 daAuts
    D:14: 1016 daAuts
